 Dungeon Sprint DCSS version 0.30-a0-585-g93115170b9 (webtiles) character file.

Game seed: 10774368660821275134

3175 mhtbhm the Protected (level 9, -8/90 HPs)
             Began as an Armataur Fighter on Jan 2, 2023.
             Was a High Priest of Qazlal.
             Mangled by a deep elf knight
             ... wielding a +0 short sword
              (12 damage)
             ... in the Dungeon (Sprint III: "The Ten Rune Challenge").
             The game lasted 00:03:45 (1392 turns).

mhtbhm the Protected (Armataur Fighter)             Turns: 1392, Time: 00:03:46

Health: -8/90      AC: 18    Str: 25    XL:     9   Next: 63%
Magic:  11/14      EV:  6    Int:  7    God:    Qazlal [*****.]
Gold:   3679       SH: 13    Dex: 14    Spells: 8/8 levels left

rFire   . . .      SeeInvis .    a - +0 flail
rCold   . . .      Faith    .    c - +0 buckler
rNeg    . . .      Spirit   .    b - +2 plate armour {rPois}
rPois   +          Reflect  .    (no helmet)
rElec   .          Harm     .    (no cloak)
rCorr   .          Roll     +    (no gloves)
Will    .....      NoTele   +    (no barding) Stlth
                                 (no amulet)
HPRegen 0.35/turn                (no ring)
MPRegen 0.14/turn                (no ring)

@: mighty, protected from physical damage, hasted, repel missiles, very quick
A: large, rugged brown scales 3, deformed body, armoured tail, roll, long
tongue, awkward tongue, stinger 2, agile 1
a: Renounce Religion, Upheaval, Elemental Force, Disaster Area


You were in the Dungeon.
You worshipped Qazlal.
Qazlal was extremely pleased with you.
You visited 1 branch You collected 3679 gold pieces.

Inventory:

Hand Weapons
 a - a +0 flail (weapon)
Armour
 b - a +2 plate armour of poison resistance (worn)
 c - a +0 buckler (worn)
Wands
 l - a wand of flame (8)
 r - a wand of iceblast (6)
Scrolls
 j - a scroll of blinking
 k - a scroll of vulnerability {unknown}
 m - a scroll of immolation {unknown}
 n - 2 scrolls of identify {unknown}
 o - a scroll of torment {unknown}
Potions
 d - a potion of might
 h - 2 potions of magic
 p - a potion of flight {unknown}
 q - 5 potions of mutation
Miscellaneous
 i - a lightning rod (4/4)


   Skills:
 + Level 9.7 Fighting
 + Level 11.4 Maces & Flails
 + Level 12.7 Armour
 + Level 2.8 Dodging
 + Level 0.5 Stealth
 + Level 9.8 Shields
 * Level 7.8 Invocations
 + Level 2.3 Evocations


You had 8 spell levels left.
You didn't know any spells.
Your spell library contained the following spells:

 Spells                   Type           Power      Damage    Failure   Level
 Slow                     Hex            0%         N/A       99%         1
 Confusing Touch          Hex            0%         N/A       100%        3
 Vampiric Draining        Necr           0%         2d6       100%        3


Dungeon Overview and Level Annotations

Branches:
Dungeon (1/1)

Altars:
Cheibriados
Dithmenos
Elyvilon
Fedhas
Gozag
Hepliaklqana
Kikubaaqudgha
Makhleb
Nemelex Xobeh
Okawaru
Qazlal
Ru
Sif Muna
Trog
Uskayaw
Vehumet
Wu Jian
Xom
Yredelemnul
Zin
The Shining One
Jiyva
Lugonu

Shops:
D :


Innate Abilities, Weirdness & Mutations

You are completely covered in rugged brown scales. (AC +3, +7% HP)
Armour fits poorly on your strangely shaped body.
You have a long armoured tail.
You roll when moving toward enemies. (Rampage)
Your long tongue fully drains potion bottles. (2x potion effects)
Your tongue gives you trouble enunciating. (1.5x scroll delay)
Your tail ends in a sharp venomous barb.
You are agile. (Dex +4, Str/Int -1)


Message History

Things that are here:
a +0 flail; a +0 dagger; an orc corpse
Items here: )) [ †.
Items here: )) [ ††.
Items here: )) [[ †.
There is an open door to the Orcish Mines here.
You enter the shallow water.
There is an open door here.
You start resting.
A deep elf knight is nearby!
A deep elf knight is nearby!
A deep elf knight is nearby!
Okay, then.
Aiming: Upheaval
Press: ? - help, Dir - move target, f - deep elf knight
Aim: a deep elf knight, wielding a +0 shortbow and wearing a +0 leather armour (fast) Magma suddenly erupts from the ground!
The blast of magma engulfs the deep elf knight!!
The deep elf knight is moderately wounded.
The deep elf knight mumbles some strange words.
The deep elf knight flickers and vanishes!
Deactivating autopickup; reactivate with Ctrl-A.
Unknown command.
Okay, then.
You miss something. Something hits you!
* * * LOW HITPOINT WARNING * * *
You feel protected from physical attacks.
You sock something! Something hits you but does no damage.
You barely miss something. Something hits you!
* * * LOW HITPOINT WARNING * * *
You barely miss something. You miss something.
Something hits you but does no damage.
You completely miss something.
Your tail-slap misses something.
You block something's attack.
You miss something.
You hear some strange, mumbled words.
A lance of force appears from out of thin air!
The lance of force is repelled.
You closely miss something. You tail-slap something! Something hits you!
You die...

#___#__##.##.#.#..'e#...#
#__)#)_#..).......#.#...##≈
#'###÷##)))....e.##.#...≈≈≈
.......#))).....∩.#e#e..##≈
.......#)#.#..#####eee..#
######'#)#...## #######
#__#...#'#########
#__#...#..§§~'.#.+
#__#...#§#§§§#.#@#
#__#...'.#.§§#.#{#
#__'...#.#...#...#
▓▓▓▓▓▓▓▓▓▓▓▓▓▓▓▓▓▓


There were no monsters in sight!

Vanquished Creatures
  Erica (D)
  2 orc high priests (D)
  A deep elf pyromancer (D)
  A shadow (D)
  A spatial vortex (D)
  An orc warrior (D)
  An earth elemental (D)
  A water elemental (D)
  A necrophage (D)
  An orc priest (D)
  A jelly (D)
  Jessica (D)
  A wizard (D)
  A necromancer (D)
  3 orc wizards (D)
  3 humans (D)
  A kobold demonologist (D)
  A phantom (D)
  11 orcs (D)
  3 rats (D)
37 creatures vanquished.

Notes
Turn   | Place    | Note
-------+----------+-------------------------------------------
     0 | D        | mhtbhm the Armataur Fighter began the quest for the Orb.
     0 | D        | Reached XP level 1. HP: 19/19 MP: 1/1
    11 | D        | Noticed Jessica
    15 | D        | Killed Jessica
    16 | D        | Reached skill level 5 in Armour
    16 | D        | Reached XP level 2. HP: 28/28 MP: 2/2
    50 | D        | Reached skill level 5 in Shields
    50 | D        | Reached XP level 3. HP: 17/36 MP: 3/3
   151 | D        | Gained mutation: You are agile. (Dex +4, Str/Int -1)
                  | [potion of mutation]
   151 | D        | Gained mutation: Your tail ends in a venomous barb. [potion
                  | of mutation]
   151 | D        | Gained mutation: Your tail ends in a sharp venomous barb.
                  | [potion of mutation]
   171 | D        | Noticed a water elemental
   175 | D        | Killed a water elemental
   176 | D        | Reached skill level 5 in Fighting
   176 | D        | Reached skill level 6 in Armour
   176 | D        | Reached XP level 4. HP: 41/44 MP: 4/4
   252 | D        | Reached skill level 7 in Armour
   252 | D        | Reached XP level 5. HP: 51/53 MP: 5/5
   266 | D        | Noticed a shadow
   275 | D        | Killed a shadow
   276 | D        | Reached skill level 5 in Maces & Flails
   276 | D        | Reached skill level 8 in Armour
   276 | D        | Reached XP level 6. HP: 6/62 MP: 6/6
   468 | D        | Found a blossoming altar of Fedhas.
   468 | D        | Found a stormy altar of Qazlal.
   468 | D        | Found a snail-covered altar of Cheibriados.
   468 | D        | Found a burning altar of Makhleb.
   468 | D        | Found a shimmering altar of Xom.
   469 | D        | Found a hazy altar of Hepliaklqana.
   469 | D        | Found an opulent altar of Gozag.
   469 | D        | Found a sparkling altar of Nemelex Xobeh.
   469 | D        | Found a corrupted altar of Lugonu.
   469 | D        | Found a viscous altar of Jiyva.
   469 | D        | Noticed a spatial vortex
   480 | D        | Killed a spatial vortex
   481 | D        | Reached skill level 9 in Armour
   488 | D        | Became a worshipper of Qazlal Stormbringer
   503 | D        | Found a shadowy altar of Dithmenos.
   508 | D        | Reached skill level 1 in Invocations
   508 | D        | Found a basalt altar of Yredelemnul.
   508 | D        | Found a sacrificial altar of Ru.
   547 | D        | Found a radiant altar of Vehumet.
   547 | D        | Found a shimmering blue altar of Sif Muna.
   547 | D        | Found an ancient bone altar of Kikubaaqudgha.
   553 | D        | Reached * piety under Qazlal
   564 | D        | Reached XP level 7. HP: 55/71 MP: 8/8
   617 | D        | Found a glowing silver altar of Zin.
   617 | D        | Found a glowing golden altar of the Shining One.
   617 | D        | Found a white marble altar of Elyvilon.
   617 | D        | Noticed a deep elf pyromancer
   620 | D        | Noticed a fire elemental
   620 | D        | Noticed a fire elemental
   624 | D        | Killed a deep elf pyromancer
   625 | D        | Reached skill level 10 in Armour
   625 | D        | Reached skill level 1 in Dodging
   679 | D        | Found a hide-covered altar of Uskayaw.
   679 | D        | Found an iron altar of Okawaru.
   679 | D        | Found a bloodstained altar of Trog.
   679 | D        | Found an ornate altar of the Wu Jian Council.
   679 | D        | Noticed a human
   679 | D        | Noticed a human
   688 | D        | Killed a human
   688 | D        | Reached ** piety under Qazlal
   689 | D        | Reached XP level 8. HP: 43/80 MP: 11/11
   900 | D        | Noticed Erica
   921 | D        | Killed Erica
   922 | D        | Reached skill level 10 in Maces & Flails
   922 | D        | Reached skill level 11 in Armour
  1231 | D        | Noticed an orc high priest
  1232 | D        | Reached *** piety under Qazlal
  1235 | D        | Noticed an orange demon
  1235 | D        | Noticed a smoke demon
  1236 | D        | Reached **** piety under Qazlal
  1236 | D        | Noticed an orc high priest
  1237 | D        | Killed an orc high priest
  1238 | D        | Reached skill level 12 in Armour
  1238 | D        | Reached skill level 1 in Evocations
  1238 | D        | Reached XP level 9. HP: 77/89 MP: 12/14
  1238 | D        | Noticed a hellwing
  1239 | D        | Killed an orc high priest
  1239 | D        | Reached ***** piety under Qazlal
  1248 | D        | Found Quffuph's Book Shop.
  1327 | D        | Noticed a deep elf zephyrmancer
  1327 | D        | Noticed a deep elf knight
  1327 | D        | Noticed a deep elf knight
  1327 | D        | Noticed a deep elf pyromancer
  1327 | D        | Noticed a deep elf knight
  1387 | D        | HP: 3/90 [something (16)]
  1392 | D        | Mangled by a deep elf knight

Illustrated notes

Levels and vault maps discovered:
D:        dungeon_sprint_mu [sprint_mu_entry_forest, sprint_mu_temple_rooms,
          sprint_mu_d1_horrors, sprint_mu_d2_genie, sprint_mu_d3_branching,
          sprint_mu_orc_legion, sprint_mu_elf_gauntlet, sprint_mu_hive_nellie,
          sprint_mu_lair_fedhas, sprint_mu_vaults_butterflies,
          sprint_mu_slime_circle, sprint_mu_swamp_cave, sprint_mu_shoals_kraken,
          sprint_mu_blade_basic, sprint_mu_crypt_chambers,
          sprint_mu_tomb_spiral, sprint_mu_vestibule_basic,
          sprint_mu_gehenna_hellfire, sprint_mu_dis_giant,
          sprint_mu_tartarus_statrot, sprint_mu_cocytus_islands, sprint_mu_zot1]

Skill      XL: |  1  2  3  4  5  6  7  8  9 |
---------------+----------------------------+-----
Fighting       | 4 5 6 7 8 9 |  9.7
Maces & Flails | 2 3 5 7 8 11 | 11.4
Armour         | 5 6 7 8 9 10 12 | 12.7
Shields        | 4 5 6 7 8 9 |  9.8
Invocations    | 1 4 7 |  7.8
Dodging        | 1 2 |  2.8
Evocations     | 1 2 |  2.3
Stealth        | |  0.5

Action                   |  1- 3 |  4- 6 |  7- 9 || total
-------------------------+-------+-------+-------++-------
Melee: Flail             |    25 |    40 |    72 ||   137
       Tailslap          |     4 |     7 |    12 ||    23
Invok: Upheaval          |       |       |     1 ||     1
Evoke: Lightning rod     |       |       |     6 ||     6
       Wand              |       |       |     3 ||     3
  Use: Potion            |     2 |       |     5 ||     7
Armor: Scale mail        |     8 |    14 |     6 ||    28
       Plate armour      |       |       |    11 ||    11
Dodge: Dodged            |     4 |     8 |    11 ||    23
       Repelled          |       |       |     2 ||     2
Block: Buckler           |     5 |     7 |    21 ||    33

Table legend: (Time is in decaauts)
 A = Elapsed time spent in this place.
 B = Non-inter-level travel time spent in this place.
 C = Inter-level travel time spent in this place.
 D = Time resting spent in this place.
 E = Time spent auto-exploring this place.
 F = Levels seen in this place.
 G = Mean time per level.
                   A        B        C        D        E       F      G
               +--------+--------+--------+--------+--------+-----+--------+
         Total |   1395 |   1378 |     17 |    830 |     40 |   1 | 1395.0 |
       Dungeon |   1395 |   1378 |     17 |    830 |     40 |   1 | 1395.0 |
               +--------+--------+--------+--------+--------+-----+--------+

Top non-repeatable levels by time:
       D: 1395 daAuts
